 Dungeon Crawl Stone Soup version 0.29.1-2-gbd0b4ee654 (webtiles) character file.

Game seed: 11133890613984480117

22448 whiskeysaurus the Brawler (level 12, -5/111 HPs)
             Began as a Troll Fighter on Nov 19, 2022.
             Was a High Priest of Hepliaklqana.
             Slain by a skeletal warrior
             ... wielding a +0 battleaxe
              (10 damage)
             ... on level 13 of the Dungeon.
             The game lasted 00:38:08 (10952 turns).

whiskeysaurus the Brawler (Troll Fighter)          Turns: 10952, Time: 00:38:08

Health: -5/111     AC: 13    Str: 31    XL:     12   Next: 63%
Magic:  11/11      EV:  8    Int:  4    God:    Hepliaklqana [*****.]
Gold:   601        SH: 11    Dex:  9    Spells: 11/11 levels left

rFire   + . .      SeeInvis .     - Unarmed
rCold   . . .      Faith    .   b - +1 kite shield
rNeg    . . .      Spirit   .   P - +0 troll leather armour
rPois   .          Reflect  .   (helmet restricted)
rElec   .          Harm     .   B - +2 cloak
rCorr   .          Rampage  .   (gloves unavailable)
Will    .....                   (boots unavailable)
Stlth   +.........              X - amulet of regeneration
HPRegen 2.68/turn               k - +4 ring of protection
MPRegen 0.12/turn               l - ring of protection from fire

@: no status effects
A: reduced essence, large, unfitting armour, claws 3, regeneration 1, shaggy fur
1, tough skin 1
a: Renounce Religion, Recall Ancestor, Ancestor Identity, Transference, Idealise


You were on level 13 of the Dungeon.
You worshipped Hepliaklqana.
Hepliaklqana was extremely pleased with you.
You visited 1 branch of the dungeon, and saw 13 of its levels.
You also visited: Sewer.

You collected 697 gold pieces.
You spent 96 gold pieces at shops.

Inventory:

Hand Weapons
 J - a +5 spectral giant club
 O - the +8 autumn katana {vorpal, manifold assault}
   (You took it off a wizard on level 9 of the Dungeon)

   It sometimes launches melee attacks against multiple visible enemies.
Missiles
 m - 103 stones
 r - 3 javelins
 t - 21 poisoned darts
 E - 2 throwing nets
 S - 16 large rocks (quivered)
Armour
 a - a +0 robe
 b - a +1 kite shield (worn)
 B - a +2 cloak (worn)
 P - a +0 troll leather armour (worn)
Jewellery
 k - a +4 ring of protection (left claw)
 l - a ring of protection from fire (right claw)
 L - a ring of willpower
 M - a ring of flight
 R - a ring of fire
 U - a ring of positive energy
 X - an amulet of regeneration (around neck)
Wands
 c - a wand of flame (19)
 G - a wand of digging (8)
 H - a wand of iceblast (8)
 K - a wand of polymorph (5)
 Z - a wand of paralysis (7)
Scrolls
 g - a scroll of identify
 h - 5 scrolls of teleportation
 i - 2 scrolls of immolation
 j - 3 scrolls of magic mapping
 p - 3 scrolls of amnesia
 q - a scroll of torment {unknown}
 v - a scroll of fear
 w - a scroll of vulnerability {unknown}
 x - a scroll of butterflies
 y - a scroll of summoning
 z - a scroll of enchant armour
 A - 3 scrolls of blinking
 N - a scroll of poison {unknown}
 Y - a scroll of noise {unknown}
Potions
 d - a potion of flight {unknown}
 e - 3 potions of heal wounds
 f - 9 potions of curing
 n - 4 potions of attraction
 u - 3 potions of ambrosia
 C - 3 potions of haste
 I - 4 potions of might
 T - 2 potions of lignification


   Skills:
 + Level 9.4 Fighting
 - Level 2.4 Dodging
 + Level 10.3 Shields
 * Level 15.1 Unarmed Combat


You had 11 spell levels left.
You didn't know any spells.
Your spell library contained the following spells:

 Spells                   Type           Power      Damage    Failure   Level
 Sandblast                Erth           0%         2d4       75%         1
 Sting                    Tmut/Pois      0%         1d3       75%         1
 Passwall                 Tmut/Erth      0%         N/A       87%         2
 Poisonous Vapours        Pois/Air       0%         N/A       87%         2
 Sublimation of Blood     Necr           0%         N/A       87%         2
 Wereblood                Tmut           0%         N/A       87%         2
 Ozocubu's Armour         Ice            0%         N/A       98%         3
 Stone Arrow              Conj/Erth      0%         3d7       98%         3
 Animate Dead             Necr           0%         N/A       100%        4
 Olgreb's Toxic Radiance  Pois           0%         N/A       100%        4
 Blade Hands              Tmut           0%         N/A       100%        5
 Borgnjor's Vile Clutch   Necr/Erth      0%         N/A       100%        5
 Irradiate                Conj/Tmut      0%         3d11      100%        5
 Metabolic Englaciation   Hex/Ice        0%         N/A       100%        5
 Death Channel            Necr           0%         N/A       100%        6
 Simulacrum               Ice/Necr       0%         N/A       100%        6
 Dragon Form              Tmut           0%         N/A       100%        7
 Ozocubu's Refrigeration  Ice            0%         4d7       100%        7
 Summon Hydra             Summ           0%         N/A       100%        7


Dungeon Overview and Level Annotations

Branches:
Dungeon (13/15)            Temple (0/1) D:4            Lair (0/5) D:9
    Orc (0/2) D:9           Sewer (visited)
 Vaults: D:13-14

Altars:
Dithmenos
Hepliaklqana
Sif Muna
Trog
Vehumet
Wu Jian
Yredelemnul

Shops:
D:9 (   D:10 *   D:11 =   D:12 !

Portals:
Trove: D:11 (give +2 shadow dragon scales)


Innate Abilities, Weirdness & Mutations

Your life essence is reduced to manifest your ancestor. (-10% HP)
You are too large for most types of armour.
You have claws for hands.
Your natural rate of healing is unusually fast.
You are covered in fur. (AC +1)
You have tough skin. (AC +1)


Message History

You claw the skeletal warrior!
The skeletal warrior is moderately damaged.
Teicuih hits the skeletal warrior with a +0 dagger of draining!
Teicuih closely misses the skeletal warrior.
The skeletal warrior hits you with a +4 glaive!!
The skeletal warrior hits you with a +0 battleaxe.
The skeletal warrior hits Teicuih with a +0 battleaxe!
You mangle the skeletal warrior!!
The skeletal warrior is heavily damaged.
Teicuih hits the skeletal warrior with a +0 dagger of draining!
Teicuih barely misses the skeletal warrior.
You block the skeletal warrior's attack.
The skeletal warrior hits you with a +0 battleaxe!
The skeletal warrior closely misses Teicuih.
You closely miss the skeletal warrior.
The skeletal warrior is heavily damaged.
Teicuih hits the skeletal warrior but does no damage.
You claw the skeletal warrior!
The skeletal warrior is severely damaged.
The skeletal warrior hits you but does no damage.
The skeletal warrior hits you with a +0 battleaxe!!
The skeletal warrior hits Teicuih with a +0 battleaxe!
Teicuih hits the skeletal warrior but does no damage.
Teicuih hits the skeletal warrior with a +0 dagger of draining.
You scratch the skeletal warrior.
The skeletal warrior is severely damaged.
The skeletal warrior hits you with a +4 glaive!
You block the skeletal warrior's attack.
The skeletal warrior hits Teicuih with a +0 battleaxe!
Teicuih hits the skeletal warrior with a +0 dagger of draining!
Teicuih completely misses the skeletal warrior.
You closely miss the skeletal warrior.
The skeletal warrior is severely damaged.
The skeletal warrior hits you but does no damage.
The skeletal warrior hits you with a +4 glaive!!
* * * LOW HITPOINT WARNING * * *
The skeletal warrior hits you with a +0 mace!
* * * LOW HITPOINT WARNING * * *
The skeletal warrior hits you with a +0 battleaxe!
You die...

#........ #....^...
#.....>.. #........
######### #........
........########........
...............#zz......
...............#@z..#
...............'Rz..#
#########......#....#
...............#....+
...............#....#
...............######
...#####<..#...#....#
...#...#...#........#
...'...#...#........#


You could see the friendly Teicuih the hexer and 4 skeletal warriors.

Vanquished Creatures
  A hydra (D:12)
  4 centaur warriors (D:9)
  A two-headed ogre (D:9)
  Nergalle (D:11)
  Pikel (D:8)
  A wizard (D:9)
  3 manticores
  6 ugly things
  4 cyclopes
  A gargoyle (D:9)
  3 unseen horrors (D:11)
  An efreet (D:9)
  A hornet (D:7)
  3 trolls
  A shadow (D:12)
  18 yaks
  A steam dragon (D:8)
  5 vampire mosquitoes (D:12)
  2 acid dragons
  A water moccasin (D:7)
  Duvessa (D:7)
  6 orc warriors
  2 sky beasts (D:7)
  2 centaurs
  A phantom (D:6)
  2 kobold brigands
  5 bullfrogs
  3 scorpions
  2 gnoll sergeants
  3 necrophages
  9 wights
  13 killer bees
  3 howler monkeys (D:9)
  A hound (D:6)
  3 jellies
  7 orc priests
  3 gnoll boudas
  Jessica (D:2)
  An iguana (D:5)
  3 orc wizards
  17 adders
  14 gnolls
  5 river rats
  3 white imps
  2 ufetubi (D:5)
  2 worms (D:2)
  2 dart slugs
  31 orcs
  9 ball pythons
  8 endoplasms
  7 giant cockroaches
  9 goblins
  2 hobgoblins
  15 jackals
  12 kobolds
  5 quokkas
  2 bats
  5 frilled lizards
  8 rats
288 creatures vanquished.

Vanquished Creatures (collateral kills)
  Erolcha (D:9)
  Maurice (D:8)
  2 unseen horrors (D:12)
  An ice beast (D:5)
  2 sky beasts (D:7)
  An orc warrior (D:7)
  An ogre (D:6)
  A wight (D:9)
  Dowan (D:7)
  2 killer bees
  A howler monkey (D:9)
  A hound (D:5)
  3 orc wizards
  6 gnolls
  A river rat (D:5)
  A worm (D:5)
  7 orcs
  A ball python (Sewer)
  A jackal (Sewer)
  A frilled lizard (Sewer)
  2 kobolds (D:9)
38 creatures vanquished.

Vanquished Creatures (others)
  7 hexers
  An ancestor (D:5)
  4 plants (Sewer)
12 creatures vanquished.

Grand Total: 338 creatures vanquished

Notes
Turn   | Place    | Note
-------+----------+-------------------------------------------
     0 | D:1      | whiskeysaurus the Troll Fighter began the quest for the
                  | Orb.
     0 | D:1      | Reached XP level 1. HP: 22/22 MP: 0/0
   155 | D:1      | Reached XP level 2. HP: 29/29 MP: 1/1
   511 | D:1      | Reached XP level 3. HP: 36/36 MP: 2/2
   708 | D:1      | Reached skill level 3 in Unarmed Combat
   904 | D:2      | Found a basalt altar of Yredelemnul.
  1014 | D:2      | Noticed a great orb of eyes
  1030 | D:2      | Noticed a shining eye
  1032 | D:2      | Found a faded altar of an unknown god.
  1034 | D:2      | Noticed a golden eye
  1034 | D:2      | Noticed an eye of devastation
  1075 | D:2      | Reached XP level 4. HP: 44/44 MP: 3/3
  1219 | D:2      | Noticed Jessica
  1224 | D:2      | Killed Jessica
  1770 | D:3      | Found a shadowy altar of Dithmenos.
  1773 | D:3      | Found a radiant altar of Vehumet.
  1787 | D:3      | Reached XP level 5. HP: 53/53 MP: 4/4
  1817 | D:3      | Reached skill level 4 in Unarmed Combat
  1919 | D:3      | Found a shimmering blue altar of Sif Muna.
  1919 | D:3      | Found a hazy altar of Hepliaklqana.
  1925 | D:3      | Became a worshipper of Hepliaklqana the Forgotten
  2516 | D:4      | Found a staircase to the Ecumenical Temple.
  2548 | D:4      | Reached XP level 6. HP: 61/61 MP: 5/5
  2672 | D:4      | Reached * piety under Hepliaklqana
  2885 | D:4      | Reached skill level 5 in Unarmed Combat
  3063 | D:5      | Entered Level 5 of the Dungeon
  3094 | D:5      | Noticed an ice beast
  3101 | D:5      | Killed an ice beast
  3255 | D:5      | Reached XP level 7. HP: 61/61 MP: 6/6
  3339 | D:5      | Reached skill level 6 in Unarmed Combat
  3392 | D:5      | You fall into a shaft and drop 1 floor!
  3591 | D:5      | Reached skill level 5 in Shields
  3637 | D:5      | Reached XP level 8. HP: 66/71 MP: 7/7
  3661 | D:5      | Found a glowing drain.
  3675 | Sewer    | Entered a sewer
  3675 | Sewer    | Reached ** piety under Hepliaklqana
  3676 | Sewer    | Remembered your ancestor Teicuih as a hexer
  3795 | Sewer    | Reached skill level 7 in Unarmed Combat
  4531 | D:6      | Found an ornate altar of the Wu Jian Council.
  4531 | D:6      | Found a bloodstained altar of Trog.
  5103 | D:6      | Reached skill level 5 in Fighting
  5278 | D:7      | Reached skill level 8 in Unarmed Combat
  5280 | D:7      | Reached *** piety under Hepliaklqana
  5372 | D:7      | Noticed Dowan
  5392 | D:7      | Killed Dowan
  5457 | D:7      | Noticed Duvessa
  5457 | D:7      | Noticed a hornet
  5465 | D:7      | Killed Duvessa
  5466 | D:7      | Reached XP level 9. HP: 63/79 MP: 8/8
  5470 | D:7      | Reached skill level 9 in Unarmed Combat
  5998 | D:8      | Noticed Maurice
  6019 | D:8      | Killed Maurice
  6020 | D:8      | Reached skill level 10 in Unarmed Combat
  6169 | D:8      | Reached XP level 10. HP: 64/90 MP: 9/9
  6351 | D:8      | Noticed Pikel
  6367 | D:8      | Killed Pikel
  6704 | D:9      | Reached skill level 11 in Unarmed Combat
  6731 | D:9      | Found Fugapo's Weapon Shop.
  6735 | D:9      | Found a staircase to the Orcish Mines.
  6744 | D:9      | Found a staircase to the Lair.
  6746 | D:9      | Reached **** piety under Hepliaklqana
  6855 | D:9      | Noticed Erolcha
  6868 | D:9      | Killed Erolcha
  6883 | D:9      | Noticed a two-headed ogre
  6891 | D:9      | Killed a two-headed ogre
  6969 | D:9      | Noticed a centaur warrior
  6969 | D:9      | Noticed a wizard
  6969 | D:9      | Noticed a centaur warrior
  6969 | D:9      | Noticed a manticore
  6972 | D:9      | Noticed a centaur warrior
  6983 | D:9      | Noticed a centaur warrior
  6986 | D:9      | Noticed a manticore
  7067 | D:9      | Reached skill level 12 in Unarmed Combat
  7090 | D:9      | Noticed a cyan ugly thing
  7100 | D:9      | Killed a cyan ugly thing
  7136 | D:9      | Reached XP level 11. HP: 73/98 MP: 10/10
  7214 | D:9      | Killed a centaur warrior
  7289 | D:9      | Killed a wizard
  7340 | D:9      | Killed a centaur warrior
  7415 | D:9      | Noticed a white ugly thing
  7415 | D:9      | Noticed a purple ugly thing
  7415 | D:9      | Noticed a white ugly thing
  7454 | D:9      | Killed a white ugly thing
  7585 | D:9      | Reached skill level 13 in Unarmed Combat
  7608 | D:9      | Identified the +6 short sword of Xyet {pain, Fly rF+ MP-9
                  | Int+4}
  7623 | D:9      | Killed a centaur warrior
  7626 | D:9      | Killed a purple ugly thing
  7700 | D:9      | Noticed a purple ugly thing
  7701 | D:9      | Killed a white ugly thing
  7709 | D:9      | Killed a purple ugly thing
  8088 | D:9      | Killed a centaur warrior
  8188 | D:10     | Entered Level 10 of the Dungeon
  8355 | D:10     | Found Fokloagg's Changing Room.
  8364 | D:10     | Bought a potion of lignification for 48 gold pieces
  8364 | D:10     | Bought a potion of lignification for 48 gold pieces
  8380 | D:10     | Reached ***** piety under Hepliaklqana
  8414 | D:10     | Reached skill level 14 in Unarmed Combat
  8414 | D:10     | Reached XP level 12. HP: 103/109 MP: 11/11
  8977 | D:11     | Found a portal to a secret trove of treasure.
  9106 | D:11     | Noticed Nergalle
  9527 | D:11     | Killed Nergalle
  9528 | D:11     | Reached skill level 10 in Shields
  9628 | D:11     | Found Febro's Jewellery Emporium.
  9734 | D:12     | Noticed a six-headed hydra
  9742 | D:12     | Killed an eight-headed hydra
 10032 | D:12     | Reached skill level 15 in Unarmed Combat
 10066 | D:12     | Found Ezxuff's Distillery.
 10952 | D:13     | HP: 5/111 [skeletal warrior/+0 mace (15)]
 10952 | D:13     | Slain by a skeletal warrior

Illustrated notes

Levels and vault maps discovered:
D:1:      minmay_arrival_nine_rooms, layout_loops_corners, st_stairs_2
D:2:      layout_basic, hellmonk_ecumenical_altar_watching_god, basic_altar,
          nicolae_wormholes, uniq_jessica
D:3:      layout_basic, nicolae_overflow_squiral, nicolae_overflow_two_pavilions
D:4:      layout_loops_ring, minmay_temple_entry_sparse_star
D:5:      layout_loops_ring, lightli_sewer_entry_pipes
D:6:      layout_layer_cave, gammafunk_temple_overflow_statue,
          minmay_misc_feat_roman
D:7:      layout_gridville, uniq_duvessa
D:8:      layout_rooms, uniq_pikel, uniq_maurice
D:9:      minmay_the_grid_square_5x5_4x4
          [minmay_the_grid_square_5x5_two_walls_a,
          minmay_the_grid_square_5x5_tie,
          minmay_the_grid_square_5x5_three_small,
          minmay_the_grid_square_5x5_minivault,
          minmay_the_grid_square_5x5_empty,
          minmay_the_grid_square_5x5_prize_deathbox,
          minmay_the_grid_square_5x5_prize_open,
          minmay_the_grid_square_5x5_broken_cross,
          minmay_the_grid_square_5x5_minibox,
          minmay_the_grid_square_5x5_prize_open,
          minmay_the_grid_square_5x5_prize_waves,
          minmay_the_grid_square_5x5_two_walls_b,
          minmay_the_grid_square_5x5_beaten_path,
          minmay_the_grid_square_5x5_spiral_small,
          minmay_the_grid_square_5x5_two, minmay_the_grid_square_5x5_c],
          layout_basic, orc_david_3, serial_aquarium, aquarium_bridge_square
          [aquarium_subvault_window, aquarium_subvault_bridge,
          aquarium_subvault_wall, aquarium_subvault_wall],
          aquarium_window_corner, aquarium_window_fake, aquarium_window_corner,
          aquarium_window_double, aquarium_view_2a, aquarium_view_2d,
          serial_bayou_pond_d, feat_on_display, uniq_erolcha
D:10:     layout_gridville, nicolae_transmutations_shop
D:11:     layout_rooms, serial_shops, nicolae_shop_behind_doors, enter_trove_0,
          uniq_nergalle
D:12:     layout_basic, serial_shops, nicolae_shop_statue_plus,
          grunt_ministairs_10, chequers_serial_rivers_room_b
D:13:     layout_grid_maze, ximxim_vaults_locker_room, uniq_josephine

Skill      XL: |  1  2  3  4  5  6  7  8  9 10 11 12 |
---------------+-------------------------------------+-----
Shields        | 3 4 5 6 7 8 9 10 | 10.3
Unarmed Combat | 3 4 5 6 8 10 12 14 15 | 15.1
Fighting       | 3 4 5 6 7 8 9 |  9.4
Dodging        | |  2.4

Action                   |  1- 3 |  4- 6 |  7- 9 | 10-12 || total
-------------------------+-------+-------+-------+-------++-------
Melee: Unarmed           |   113 |   169 |   282 |   336 ||   900
Throw: Stone             |       |       |     3 |     1 ||     4
       Dart              |       |       |     2 |       ||     2
       Large rock        |       |       |       |     6 ||     6
Invok: Ancestor Identity |       |     1 |       |       ||     1
       Ancestor Life: He |       |       |     1 |       ||     1
  Use: Scroll            |     1 |       |     6 |    14 ||    21
       Potion            |       |       |     2 |     1 ||     3
 Stab: Confused          |       |       |     2 |     2 ||     4
       Distracted        |       |       |     1 |     2 ||     3
Armor: Robe              |    50 |    60 |    86 |    43 ||   239
       Troll leather arm |       |       |       |   105 ||   105
Dodge: Dodged            |    44 |    43 |    79 |   115 ||   281
Block: Kite shield       |    46 |    42 |    89 |   177 ||   354
